 Dungeon Crawl Stone Soup version 0.30-a0-1075-gcd70e7a56d (webtiles) character file.

Game seed: 11551260220526134602

1228 cforsyth the Caller (level 8, -6/46 HPs)
             Began as an Octopode Summoner on Apr 14, 2023.
             Was an Initiate of Gozag.
             Mangled by an orc wizard
             ... wielding a +0 dagger of electrocution
              (20 damage)
             ... on level 5 of the Dungeon.
             The game lasted 00:07:58 (4253 turns).

cforsyth the Caller (Octopode Summoner)             Turns: 4253, Time: 00:07:58

Health: -6/46      AC:  8    Str:  8    XL:     8   Next: 48%
Magic:  13/16      EV: 13    Int: 19    God:    Gozag
Gold:   346        SH:  0    Dex: 12    Spells: 5/18 levels left

rFire   . . .      SeeInvis .    k - +1 dagger (protect)
rCold   . . .      Faith    .    (no shield)
rNeg    . . .      Spirit   .    (helmet restricted)
rPois   .          Reflect  .    (no amulet)
rElec   .          Rampage  .    n - +4 ring of slaying
rCorr   .                        (no ring)
Will    .....                    (no ring)
Stlth   +++                      (no ring)
HPRegen 0.27/turn                (no ring)
MPRegen 0.15/turn                (no ring)
                                 (no ring)
                                 (no ring)

@: gold aura, under a protective aura
A: almost no armour, amphibious, 8 rings, camouflage 1, gelatinous body 1,
(nimble swimmer 1), tentacles
a: Renounce Religion, Potion Petition, Call Merchant, Bribe Branch


You were on level 5 of the Dungeon.
You worshipped Gozag.
Gozag was aware of your devotion.
You visited 2 branches of the dungeon, and saw 6 of its levels.

You collected 398 gold pieces.
You paid 52 gold pieces to Gozag.

Inventory:

Hand Weapons
 k - a +1 dagger of protection (weapon)
Jewellery
 c - a ring of magical power
 n - a +4 ring of slaying (left tentacle)
Wands
 i - a wand of roots (18)
Scrolls
 b - 3 scrolls of enchant armour {unknown}
 d - a scroll of enchant weapon {unknown}
 e - a scroll of fog {unknown}
 g - 2 scrolls of teleportation {unknown}
 l - a scroll of immolation {unknown}
 m - a scroll of torment {unknown}
 o - a scroll of vulnerability {unknown}
 r - a scroll of poison {unknown}
 t - a scroll of magic mapping {unknown}
 v - a scroll of identify
 y - a scroll of amnesia {unknown}
Potions
 a - 3 potions of magic
 f - a potion of might
 h - a potion of cancellation {unknown}
 j - 4 potions of brilliance
 p - 2 potions of flight
 q - a potion of resistance
 s - 3 potions of ambrosia
 u - a potion of haste {unknown}
 w - a potion of attraction {unknown}
 x - a potion of curing {unknown}


   Skills:
 - Level 2.0 Dodging
 - Level 2.6 Stealth
 + Level 5.8 Spellcasting
 - Level 3.0 Hexes
 + Level 7.2 Summonings
 + Level 3.6 Air Magic


You had 5 spell levels left.
You knew the following spells:

 Your Spells              Type           Power      Damage    Failure   Level
a - Summon Small Mammal   Summ           100%       N/A       1%          1
b - Call Imp              Summ           66%        N/A       1%          2
c - Call Canine Familiar  Summ           33%        N/A       1%          3
d - Summon Guardian Gole  Hex/Summ       24%        N/A       4%          3
e - Summon Lightning Spi  Summ/Air       26%        N/A       12%         4

Your spell library contained the following spells:

 Spells                   Type           Power      Damage    Failure   Level
 Sandblast                Erth           10%        2d5       12%         1
 Passwall                 Tmut/Erth      4%         N/A       17%         2
 Summon Ice Beast         Ice/Summ       19%        N/A       26%         4
 Frozen Ramparts          Ice            10%        1d2       34%         3
 Stone Arrow              Conj/Erth      10%        3d7       34%         3
 Ice Form                 Ice/Tmut       5%         N/A       75%         4


Dungeon Overview and Level Annotations

Branches:
Dungeon (5/15)             Temple (1/1) D:4

Altars:
Cheibriados
Gozag
Ru
Xom


Innate Abilities, Weirdness & Mutations

You cannot wear most types of armour.
You are amphibious.
You can wear up to eight rings at the same time.
Your skin changes colour to match your surroundings (Stealth+).
Your rubbery body absorbs attacks. (AC +1, EV +1)
((You are camouflaged when in or above water. (Stealth+)))
You have tentacles for arms and can constrict up to eight enemies at once.


Message History

You puncture the orc!
You kill the orc!
Your cerulean imp hits the orc from afar with a -1 spear.
The orc dies!
Something hits you but does no damage.
Things that are here:
6 gold pieces; a +0 hand axe You hit something.
Your cerulean imp closely misses something.
You miss something. Your squeeze misses something.
Your cerulean imp hits something but does no damage.
Something hits you.
You are electrocuted!!
The orc is distracted by your dazzling golden aura.
You hit the orc.
The orc is no longer distracted by gold.
Your grab misses the orc.
The orc is almost dead.
Your cerulean imp hits the orc but does no damage.
The orc is distracted by your dazzling golden aura.
You hear some strange, mumbled words.
A magic dart appears from out of thin air!
The magic dart hits you.
* * * LOW HITPOINT WARNING * * *
The orc shouts!
You hit the orc.
You kill the orc!
Your cerulean imp closely misses something.
Something hits you but does no damage.
You hit something.
Your tentacle-slap misses something.
Your cerulean imp hits something but does no damage.
Something hits you but does no damage.
You hit something.
Your cerulean imp hits something with a -1 spear.
A magic dart appears from out of thin air!
The magic dart hits your cerulean imp!
You hit something but do no damage. Something hits you but does no damage.
You hit something but do no damage. Something hits you but does no damage.
You are electrocuted!!
You die...
Your body crumbles into a pile of gold.

.......)........#
................#
.....##...##....#
.....###'###....#
.....##.........#
#######........#########
#.........#..>.....
#........h5{$......
#.........#@.......
#.........#........
###########........
#########


You could see a friendly hound (summoned) and a friendly cerulean imp
(summoned).

Vanquished Creatures
  Menkaure (D:4)
  A phantom (D:5)
  2 scorpions (D:4)
  Ijyb (D:4)
  Natasha (twice) (D:4)
  An orc wizard (D:5)
  6 adders
  A shadow imp (D:5)
  A dart slug (D:1)
  4 orcs
  5 endoplasms
  8 giant cockroaches
  7 goblins
  4 hobgoblins
  6 kobolds
  8 quokkas
  14 ball pythons
  A bat (D:2)
  A rat (D:2)
74 creatures vanquished.

Vanquished Creatures (collateral kills)
  Grinder (D:4)
  3 scorpions (D:5)
  An orc priest (D:5)
  An iguana (D:5)
  An adder (D:2)
  6 orcs (D:5)
  An endoplasm (D:1)
  3 goblins
  A hobgoblin (D:1)
  2 kobolds (D:1)
  A quokka (D:5)
  2 ball pythons
  2 bats
25 creatures vanquished.

Vanquished Creatures (others)
  Sigmund (D:5)
  A sleepcap (D:5)
  Crazy Yiuf (D:4)
3 creatures vanquished.

Grand Total: 102 creatures vanquished

Notes
Turn   | Place    | Note
-------+----------+-------------------------------------------
     0 | D:1      | cforsyth the Octopode Summoner began the quest for the Orb.
     0 | D:1      | Reached XP level 1. HP: 11/11 MP: 3/3
    82 | D:1      | Reached XP level 2. HP: 6/17 MP: 0/5
   144 | D:1      | Learned a level 2 spell: Call Imp
   554 | D:1      | Reached XP level 3. HP: 21/21 MP: 4/6
   561 | D:1      | Learned a level 3 spell: Call Canine Familiar
  1011 | D:2      | Reached XP level 4. HP: 26/27 MP: 8/8
  1583 | D:3      | Reached skill level 5 in Summonings
  1592 | D:3      | Learned a level 3 spell: Summon Guardian Golem
  1707 | D:3      | Reached XP level 5. HP: 31/31 MP: 6/10
  1816 | D:3      | Identified the +6 short sword "Demonbane" {drain, rC+ Will+
                  | Str+4 Stlth+}
  1969 | D:3      | Found a faded altar of an unknown god.
  2303 | D:4      | Noticed Grinder
  2315 | D:4      | Killed Grinder
  2316 | D:4      | Reached skill level 6 in Summonings
  2316 | D:4      | Reached XP level 6. HP: 36/36 MP: 4/12
  2321 | D:4      | Learned a level 4 spell: Summon Lightning Spire
  2494 | D:4      | Noticed Ijyb
  2496 | D:4      | Found a sacrificial altar of Ru.
  2504 | D:4      | Killed Ijyb
  2516 | D:4      | Noticed Menkaure
  2542 | D:4      | Killed Menkaure
  2543 | D:4      | Reached skill level 1 in Hexes
  2543 | D:4      | Reached skill level 1 in Air Magic
  2543 | D:4      | Reached XP level 7. HP: 37/41 MP: 0/14
  2745 | D:4      | Found a runed translucent door.
  2746 | D:4      | Noticed Crazy Yiuf
  2940 | D:4      | Noticed Natasha
  2944 | D:4      | Killed Natasha
  2946 | D:4      | Found a staircase to the Ecumenical Temple.
  2980 | Temple   | Entered the Ecumenical Temple
  3008 | Temple   | Became a worshipper of Gozag Ym Sagoz the Greedy
  3177 | D:4      | Found a shimmering altar of Xom.
  3177 | D:4      | Found a shimmering altar of Xom.
  3476 | D:4      | Noticed Natasha
  3487 | D:4      | Killed Natasha
  3488 | D:4      | Reached skill level 5 in Spellcasting
  3545 | D:4      | Killed Crazy Yiuf
  3708 | D:5      | Entered Level 5 of the Dungeon
  3711 | D:5      | Noticed Sigmund
  3730 | D:5      | Killed Sigmund
  3763 | D:5      | Reached XP level 8. HP: 11/46 MP: 2/15
  3770 | D:5      | HP: 2/46 [poisoned by a scorpion]
  4073 | D:5      | Reached skill level 7 in Summonings
  4253 | D:5      | Mangled by an orc wizard

Illustrated notes

Levels and vault maps discovered:
D:1:      onia_arrival_mini_spirals, layout_rooms, minmay_heptomino_w4
D:2:      layout_rooms
D:3:      layout_loops_ring, shapermc_ecumenical_altar_totnotflames,
          minmay_snake_closets
D:4:      layout_loops_ring, mainiacjoe_overflow_brackets, xom_redecorated,
          minmay_temple_entry_glassed_door, minmay_fractal_squares_gapless_5,
          uniq_menkaure, uniq_ijyb, uniq_crazy_yiuf_cottage, uniq_natasha,
          uniq_grinder
D:5:      nicolae_BIG_FREAKIN_CUBE, layout_gridville, uniq_sigmund
Temple:   minmay_temple_curvy_loop

Skill      XL: |  1  2  3  4  5  6  7  8 |
---------------+-------------------------+-----
Spellcasting   | 3 4 5 |  5.8
Summonings     | 5 6 7 |  7.2
Hexes          | 1 2 3 |  3.0
Air Magic      | 1 2 3 |  3.6
Dodging        | |  2.0
Stealth        | |  2.6

Action                     |  1- 3 |  4- 6 |  7- 9 || total
---------------------------+-------+-------+-------++-------
  Melee: Unarmed           |    48 |       |       ||    48
         Constrict         |    23 |    11 |     8 ||    42
         Tentacles         |    21 |    10 |     5 ||    36
         Dagger            |    26 |    46 |    66 ||   138
         Punch             |       |     1 |       ||     1
   Cast: Summon Small Mamm |    16 |    13 |     6 ||    35
         Call Imp          |     5 |     7 |     5 ||    17
         Call Canine Famil |       |    11 |     6 ||    17
         Summon Guardian G |       |       |     5 ||     5
    Use: Scroll            |       |     4 |       ||     4
         Potion            |       |     1 |     2 ||     3
   Stab: Sleeping          |     3 |     9 |     5 ||    17
 Armour: Skin              |    11 |     6 |    10 ||    27
  Dodge: Dodged            |    55 |    32 |    38 ||   125

Table legend: (Time is in decaauts)
 A = Elapsed time spent in this place.
 B = Non-inter-level travel time spent in this place.
 C = Inter-level travel time spent in this place.
 D = Time resting spent in this place.
 E = Time spent auto-exploring this place.
 F = Levels seen in this place.
 G = Mean time per level.
                   A        B        C        D        E       F      G
               +--------+--------+--------+--------+--------+-----+--------+
         Total |   4252 |   4067 |    185 |    128 |   3111 |   6 |  708.7 |
       Dungeon |   4205 |   4038 |    167 |    128 |   3091 |   5 |  841.0 |
        Temple |     46 |     28 |     18 |      0 |     20 |   1 |   46.0 |
               +--------+--------+--------+--------+--------+-----+--------+

Top non-repeatable levels by time:
     D:4: 1373 daAuts
     D:3: 863 daAuts
     D:1: 815 daAuts
     D:2: 608 daAuts
     D:5: 544 daAuts
  Temple: 46 daAuts
